[ AOE2 MATCH · #495465018 ]
UnrankedKoreans vs Huns
Player's team · WIN
Rival team · LOSS
[ REPLAY ANALYSIS · EXTRACTED FROM THE RECORDED GAME ]
Feudal
9:57
Castle
—
Imperial
—
| APM avg | 48.6 |
| APM peak | 73 |
| eAPM avg | 20.0 |
| Villagers / military | 37 / 22 |
Focus
⚔️ 17.8% · 🌾 82.2%
Skirmisher ×8 · Archer ×6 · Spearman ×5 · Militia ×3
Feudal
12:32
Castle
—
Imperial
—
| APM avg | 79.5 |
| APM peak | 130 |
| eAPM avg | 25.4 |
| Villagers / military | 35 / 21 |
Focus
⚔️ 27.4% · 🌾 72.6%
Skirmisher ×9 · Scout Cavalry ×9 · Militia ×3
Match map
Initial resources + every placement click. Lines = walls · curves = elevation contours. ◆ gold · ⬟ stone · ● berries · ✦ relic · ◌ wall gap
Your base· Open — unwalled flank
GAX | andrade's base· Open — unwalled flank
Smoothed initial terrain · ◌ = detected wall gap · hover for details
Inputs per minute
— se7e - - GAX | andrade
Build order — se7e
106 actions detected in the replay
| 0:00 | Create | Villager (Male) |
| 0:00 | Create | Villager (Male) |
| 0:01 | Create | Villager (Male) |
| 0:02 | Build | House |
| 0:03 | Build | House |
| 1:06 | Create | Villager (Male) |
| 1:25 | Create | Villager (Male) |
| 2:00 | Create | Villager (Male) |
| 2:14 | Build | Lumber Camp |
| 2:17 | Create | Villager (Male) |
| 2:18 | Create | Villager (Male) |
| 2:47 | Create | Villager (Male) |
| 3:10 | Create | Villager (Male) |
| 3:38 | Create | Villager (Male) |
| 3:38 | Create | Villager (Male) |
| 3:51 | Build | House |
| 4:01 | Create | Villager (Male) |
| 4:33 | Create | Villager (Male) |
| 4:54 | Create | Villager (Male) |
| 4:54 | Create | Villager (Male) |
| 5:14 | Build | House |
| 5:16 | Build | Palisade Wall |
| 5:34 | Build | Mill |
| 5:53 | Create | Villager (Male) |
| 5:53 | Create | Villager (Male) |
| 6:34 | Build | Barracks |
| 6:43 | Create | Villager (Male) |
| 7:01 | Research | Loom |
| 7:18 | Build | Palisade Wall |
| 7:47 | Research | Feudal Age |
| 8:07 | Build | Mining Camp |
| 8:21 | Create | Militia |
| 8:29 | Build | Palisade Wall |
| 8:32 | Build | Palisade Wall |
| 8:48 | Create | Militia |
| 9:36 | Create | Militia |
| 9:57 | Age | Feudal Age |
| 10:00 | Create | Villager (Male) |
| 10:03 | Research | Man-at-Arms (upgrade) |
| 10:23 | Create | Villager (Male) |
| 10:28 | Build | House |
| 10:30 | Build | House |
| 11:00 | Build | Farm |
| 11:02 | Build | Farm |
| 11:03 | Build | Farm |
| 11:13 | Create | Villager (Male) |
| 11:22 | Build | Archery Range |
| 11:34 | Create | Villager (Male) |
| 12:01 | Build | House |
| 12:03 | Build | Palisade Gate |
| 12:06 | Build | Farm |
| 12:28 | Create | Archer |
| 12:28 | Create | Villager (Male) |
| 12:31 | Build | Farm |
| 12:32 | Build | Farm |
| 12:48 | Build | House |
| 12:53 | Create | Archer |
| 12:53 | Create | Villager (Male) |
| 13:08 | Build | Farm |
| 13:10 | Research | Double-Bit Axe |
| 13:15 | Create | Villager (Male) |
| 13:33 | Create | Villager (Male) |
| 13:37 | Create | Archer |
| 13:42 | Build | Palisade Wall |
| 13:52 | Build | Palisade Wall |
| 14:07 | Build | Blacksmith |
| 14:18 | Create | Skirmisher |
| 14:18 | Create | Villager (Male) |
| 14:29 | Create | Villager (Male) |
| 14:33 | Build | Farm |
| 14:34 | Build | Farm |
| 14:46 | Build | House |
| 15:03 | Research | Fletching |
| 15:04 | Create | Archer |
| 15:05 | Create | Skirmisher |
| 15:06 | Create | Villager (Male) |
| 15:24 | Create | Villager (Male) |
| 15:26 | Create | Archer |
| 15:26 | Create | Villager (Male) |
| 15:40 | Create | Spearman |
| 15:51 | Build | Farm |
| 16:00 | Build | Farm |
| 16:02 | Build | Farm |
| 16:04 | Build | Farm |
| 16:11 | Create | Skirmisher |
| 16:19 | Create | Villager (Male) |
| 16:22 | Build | Farm |
| 16:24 | Build | Farm |
| 16:42 | Create | Spearman |
| 16:45 | Create | Skirmisher |
| 16:47 | Create | Villager (Male) |
| 16:53 | Build | Farm |
| 17:13 | Create | Archer |
| 17:13 | Create | Villager (Male) |
| 17:19 | Build | Market |
| 17:28 | Create | Skirmisher |
| 17:44 | Create | Spearman |
| 17:46 | Create | Skirmisher |
| 18:24 | Create | Skirmisher |
| 18:24 | Create | Spearman |
| 18:43 | Create | Spearman |
| 18:43 | Create | Skirmisher |
| 18:43 | Create | Villager (Male) |
| 18:49 | Build | House |
| 18:49 | Build | House |
| 19:01 | Create | Villager (Male) |
Build order — GAX | andrade
101 actions detected in the replay
| 0:09 | Create | Villager (Male) |
| 0:09 | Create | Villager (Male) |
| 0:17 | Create | Villager (Male) |
| 0:29 | Create | Villager (Male) |
| 1:25 | Create | Villager (Male) |
| 1:57 | Create | Villager (Male) |
| 2:03 | Build | Lumber Camp |
| 2:09 | Create | Villager (Male) |
| 2:42 | Create | Villager (Male) |
| 2:58 | Create | Villager (Male) |
| 3:39 | Create | Villager (Male) |
| 3:53 | Create | Villager (Male) |
| 4:40 | Create | Villager (Male) |
| 5:07 | Build | Barracks |
| 5:11 | Create | Villager (Male) |
| 5:28 | Create | Villager (Male) |
| 5:42 | Create | Villager (Male) |
| 5:59 | Create | Villager (Male) |
| 6:02 | Create | Militia |
| 6:39 | Create | Militia |
| 6:50 | Build | Mill |
| 6:58 | Create | Militia |
| 7:21 | Create | Villager (Male) |
| 7:43 | Create | Villager (Male) |
| 8:06 | Create | Villager (Male) |
| 8:06 | Create | Villager (Male) |
| 8:11 | Build | Farm |
| 8:21 | Build | Farm |
| 8:23 | Create | Villager (Male) |
| 8:50 | Research | Loom |
| 9:27 | Build | Farm |
| 9:30 | Build | Palisade Wall |
| 9:31 | Build | Palisade Wall |
| 9:31 | Build | Palisade Wall |
| 9:32 | Build | Palisade Wall |
| 9:50 | Build | Palisade Wall |
| 9:51 | Build | Palisade Wall |
| 10:22 | Research | Feudal Age |
| 10:22 | Research | Feudal Age |
| 10:47 | Build | Palisade Wall |
| 11:05 | Create | Villager (Male) |
| 11:08 | Build | Farm |
| 11:31 | Build | Lumber Camp |
| 11:56 | Build | Palisade Wall |
| 11:57 | Build | Palisade Wall |
| 12:05 | Build | Palisade Wall |
| 12:05 | Build | Palisade Wall |
| 12:06 | Build | Palisade Wall |
| 12:11 | Build | Palisade Wall |
| 12:12 | Build | Palisade Wall |
| 12:17 | Build | Palisade Wall |
| 12:32 | Age | Feudal Age |
| 12:34 | Build | Stable |
| 12:36 | Research | Double-Bit Axe |
| 12:48 | Create | Villager (Male) |
| 13:01 | Build | Palisade Wall |
| 13:10 | Create | Villager (Male) |
| 13:19 | Build | Palisade Wall |
| 13:22 | Create | Scout Cavalry |
| 13:31 | Build | Archery Range |
| 13:32 | Create | Villager (Male) |
| 13:50 | Create | Scout Cavalry |
| 13:54 | Build | Farm |
| 14:04 | Build | Farm |
| 14:08 | Create | Villager (Male) |
| 14:16 | Build | Lumber Camp |
| 14:19 | Build | Farm |
| 14:26 | Create | Scout Cavalry |
| 14:30 | Create | Skirmisher |
| 14:31 | Create | Skirmisher |
| 14:42 | Create | Skirmisher |
| 14:58 | Create | Villager (Male) |
| 15:00 | Build | Farm |
| 15:12 | Create | Scout Cavalry |
| 15:21 | Create | Skirmisher |
| 15:23 | Create | Scout Cavalry |
| 15:36 | Create | Villager (Male) |
| 15:41 | Create | Villager (Male) |
| 16:03 | Build | Farm |
| 16:03 | Build | Farm |
| 16:03 | Build | Farm |
| 16:08 | Create | Skirmisher |
| 16:20 | Build | Farm |
| 16:28 | Build | Palisade Wall |
| 16:39 | Create | Villager (Male) |
| 16:49 | Create | Skirmisher |
| 16:52 | Create | Scout Cavalry |
| 16:58 | Create | Skirmisher |
| 17:02 | Create | Villager (Male) |
| 17:05 | Create | Villager (Male) |
| 17:25 | Build | Watch Tower |
| 17:31 | Create | Scout Cavalry |
| 17:35 | Create | Scout Cavalry |
| 17:40 | Create | Villager (Male) |
| 17:46 | Create | Villager (Male) |
| 18:10 | Create | Skirmisher |
| 18:22 | Create | Skirmisher |
| 18:46 | Create | Scout Cavalry |
| 18:55 | Build | Farm |
| 18:56 | Build | Farm |
| 18:57 | Create | Villager (Male) |
Match timeline
| 5:07 | GAX | andrade · first_building Barracks |
| 5:16 | se7e · wall_segment Palisade Wall x3 |
| 6:34 | se7e · first_building Barracks |
| 7:18 | se7e · wall_segment Palisade Wall x3 |
| 8:29 | se7e · wall_segment Palisade Wall x6 |
| 8:32 | se7e · wall_segment Palisade Wall x1 |
| 9:30 | GAX | andrade · wall_segment Palisade Wall x1 |
| 9:31 | GAX | andrade · wall_segment Palisade Wall x1 |
| 9:31 | GAX | andrade · wall_segment Palisade Wall x1 |
| 9:32 | GAX | andrade · wall_segment Palisade Wall x1 |
| 9:50 | GAX | andrade · wall_segment Palisade Wall x1 |
| 9:51 | GAX | andrade · wall_segment Palisade Wall x1 |
| 9:57 | se7e · age_up feudal |
| 10:47 | GAX | andrade · wall_segment Palisade Wall x1 |
| 11:22 | se7e · first_building Archery Range |
| 11:56 | GAX | andrade · wall_segment Palisade Wall x1 |
| 11:57 | GAX | andrade · wall_segment Palisade Wall x1 |
| 12:05 | GAX | andrade · wall_segment Palisade Wall x1 |
| 12:05 | GAX | andrade · wall_segment Palisade Wall x1 |
| 12:06 | GAX | andrade · wall_segment Palisade Wall x1 |
| 12:11 | GAX | andrade · wall_segment Palisade Wall x1 |
| 12:12 | GAX | andrade · wall_segment Palisade Wall x1 |
| 12:17 | GAX | andrade · wall_segment Palisade Wall x1 |
| 12:32 | GAX | andrade · age_up feudal |
| 12:34 | GAX | andrade · first_building Stable |
| 13:01 | GAX | andrade · wall_segment Palisade Wall x4 |
| 13:19 | GAX | andrade · wall_segment Palisade Wall x1 |
| 13:31 | GAX | andrade · first_building Archery Range |
| 13:42 | se7e · wall_segment Palisade Wall x3 |
| 13:52 | se7e · wall_segment Palisade Wall x6 |
| 16:28 | GAX | andrade · wall_segment Palisade Wall x11 |
| 19:05 | GAX | andrade · resign |
[ AI ANALYSIS · 1 CREDIT ]
What really happened in this match?
Wolo.gg analyzes every decision: build order, eco, micro, common mistakes by bracket. Personalized analysis on WhatsApp or Discord in 30 seconds.
Civ guide
Koreans
Perfil
Jugador #675842